AoeStats
← Panoutx

Arabia

509948783Analyzed
2v2 RM · 5d ago on Sep 28, 2026· 64m 32s· 4 players
Game mode
Random Map
Map size
Medium (4 player)
Population
200
Speed
Normal
Resources
Standard
Victory
Conquest
Starting age
Dark Age
Ending age
Imperial Age
RankedLock teamsTeams togetherTeam positionsShared explorationLock speedFull tech treeHidden civsTurbo modeCheats
Victory
Defeat
🇪🇸 Vikings · Spain
1207
+15
🇪🇸 Wei · Spain
1207
+15
🇵🇹 Magyars · Portugal
1199
-16
🇵🇹 Vietnamese · Portugal
1163
-14
penaldinho
6:40 Loom
9:00 Feudal Age
13:43 Double-Bit Axe
17:56 Wheelbarrow
20:29 Castle Age
21:36 Bloodlines
21:46 Bow Saw
21:43 Husbandry
21:57 Scale Barding Armor
22:04 Gold Mining
23:49 Chain Barding Armor
29:09 Town Watch
30:22 Horse Collar
37:47 Thumb Ring
44:22 Padded Archer Armor
46:10 Fletching
46:52 Bodkin Arrow
Vendettadcn
4:20 Loom
9:11 Feudal Age
22:04 Horse Collar
25:11 Castle Age
23:49 Fletching
26:24 Crossbowman
33:31 Bodkin Arrow
35:50 Ballistics
35:43 Padded Archer Armor
39:12 Leather Archer Armor
40:51 Crossbowman
42:12 Thumb Ring
45:20 Imperial Age
45:24 Arbalester
47:07 Chemistry
47:12 Bracer
48:30 Ring Archer Armor
54:20 Paper Money
jmunozi
6:36 Loom
8:58 Feudal Age
9:03 Man-at-Arms
17:01 Arson
19:55 Castle Age
18:14 Forging
18:04 Scale Mail Armor
19:09 Scale Mail Armor
20:10 Double-Bit Axe
20:38 Squires
20:55 Chain Mail Armor
21:15 Iron Casting
21:27 Bow Saw
22:02 Horse Collar
23:15 Town Watch
30:08 Fervor
30:02 Gold Mining
29:48 Pikeman
31:18 Heavy Plow
38:39 Imperial Age
39:12 Gold Shaft Mining
38:45 Elite Varangian Guard
40:03 Plate Mail Armor
41:08 Blast Furnace
42:28 Fletching
43:58 Chieftains
44:19 Conscription
43:56 Bodkin Arrow
44:14 Masonry
44:25 Ballistics
46:28 Bracer
46:29 Padded Archer Armor
49:16 Coinage
49:34 Crop Rotation
50:33 Banking
55:19 Chemistry
54:03 Treadmill Crane
56:50 Town Patrol
57:22 Architecture
56:58 Siege Engineers
58:31 Block Printing
58:46 Onager
Panoutx
7:29 Loom
9:36 Feudal Age
10:42 Double-Bit Axe
10:40 Horse Collar
18:15 Wheelbarrow
22:31 Castle Age
22:47 Fletching
22:52 Gold Mining
25:56 Pikeman
28:22 Forging
29:41 Scale Mail Armor
30:43 Bow Saw
34:48 Town Watch
36:05 Iron Casting
42:28 Bodkin Arrow
43:04 Stone Mining
43:48 Heavy Plow
44:21 Squires
47:07 Thumb Ring
49:17 Padded Archer Armor
50:37 Leather Archer Armor
50:28 Scale Barding Armor
55:26 Imperial Age
53:30 Ballistics
53:42 Tuntian
54:13 Chain Barding Armor
54:27 Masonry
57:22 Conscription
57:28 Ming Guang Armor
58:09 Parthian Tactics
58:21 Hand Cart
60:45 Chemistry
63:00 Elite Tiger Cavalry
Connection lost

Rejoining the realm…

Still unreachable

The connection could not be restored.

Session expired

The server has moved on; the page needs a fresh start.